 Dungeon Crawl Stone Soup version 0.30-a0-782-ge64f9170bb (webtiles) character file.

Game seed: 18318755392939714370

296 tilp the Slasher (level 6, -7/53 HPs)
             Began as a Meteoran Fighter on Mar 15, 2023.
             Succumbed to an orc wizard's poison
             ... on level 4 of the Dungeon.
             The game lasted 00:05:04 (1167 turns).

tilp the Slasher (Meteoran Fighter)                 Turns: 1167, Time: 00:05:04

Health: -7/53      AC: 11    Str: 18    XL:     6   Next: 93%
Magic:  7/7        EV:  7    Int: 10    God:
Gold:   74         SH:  5    Dex: 15    Spells: 5/5 levels left

rFire   + . .      SeeInvis .    a - +0 long sword
rCold   . . .      Faith    .    c - +0 buckler
rNeg    . . .      Spirit   .    t - +0 chain mail {rF+}
rPois   .          Reflect  .    p - +0 helmet
rElec   .          Harm     .    (no cloak)
rCorr   .          Rampage  .    r - +0 pair of gloves
Will    .....                    (no boots) Stlth
                                 (no amulet)
HPRegen 0.28/turn                (no ring)
MPRegen 0.10/turn                (no ring)

@: lethally poisoned (-7 -> -40), glowing
A: sense surroundings 1, otherworldly, glowing, explore regen
a: no special abilities


You were on level 4 of the Dungeon.
You visited 1 branch of the dungeon, and saw 5 of its levels.

You collected 74 gold pieces.

Inventory:

Hand Weapons
 a - a +0 long sword (weapon)
 b - a +1 dagger of electrocution
 q - a +4 whip
Missiles
 g - 20 stones
 h - 11 poisoned darts (quivered)
 k - 4 boomerangs
Armour
 c - a +0 buckler (worn)
 p - a +0 helmet (worn)
 r - a +0 pair of gloves (worn)
 t - a +0 chain mail of fire resistance (worn)
Scrolls
 d - a scroll of enchant weapon {unknown}
 e - 2 scrolls of teleportation {unknown}
 f - a scroll of vulnerability {unknown}
 l - a scroll of poison {unknown}
 m - a scroll of blinking {unknown}
Potions
 i - 2 potions of flight {unknown}
 n - 2 potions of curing {unknown}
 s - a potion of lignification {unknown}


   Skills:
 * Level 4.3 Fighting
 * Level 6.2 Long Blades
 + Level 0.9 Throwing
 + Level 3.8 Armour
 + Level 2.3 Dodging
 + Level 3.8 Shields


You had 5 spell levels left.
You didn't know any spells.
Your spell library was empty.

Dungeon Overview and Level Annotations

Branches:
Dungeon (5/15) Zot: 1775
 Temple: D:4-7

Altars:
Nemelex Xobeh
Zin

Shops:
D:2 ?


Innate Abilities, Weirdness & Mutations

You passively map a small area around you.
You are easily found by Zot.
You glow in the dark.
You regain HP and MP as you explore.


Message History

You are more poisoned.
You closely miss something.
You feel very sick. Something hits you but does no damage.
You miss something.
You feel very sick.
You hear some strange, mumbled words.
A magic dart appears from out of thin air!
The magic dart hits you but does no damage.
You hear some strange, mumbled words.
Something tries to affect you, but you resist.
You closely miss something.
You feel sick. Something hits you but does no damage.
You are more poisoned.
You closely miss something.
You feel very sick. Something hits you but does no damage.
You are more poisoned.
You miss something.
You feel very sick. Something hits you but does no damage.
You are lethally poisoned!
Unknown command.
You closely miss something.
* * * LOW HITPOINT WARNING * * *
You feel very sick. Something hits you but does no damage.
You are more poisoned.
You barely miss something.
* * * LOW HITPOINT WARNING * * *
You feel extremely sick. Something hits you but does no damage.
You are more poisoned.
You miss something.
* * * LOW HITPOINT WARNING * * *
You feel extremely sick. Something hits you but does no damage.
You are more poisoned.
You hit something.
You die...

# ##.## ##..... #.# , #.#
####...##.#.###.##.# #.#
..)).....#..#......# #.#
####...#........... *#.#
#.......#.#.#.., , ,, , #.#
#.........##..## * ** #.#
#............oo# #.#
#.....##.#..##{# < #.#
#.....##..#.##@# #.* #.#*
#.#............# #. #.#
#.######..#.##.# #.* #.# #....#
#..#.##.###.# #.# ####.#
#.....†.##...## #.#
######.####.>.##.##....#######.#
#.............##.##......<.....#
#.####.#####.###.#####..####.....
#.# #.# #........# #.####


You could see 2 orcs.

Vanquished Creatures
  Blork the orc (D:4)
  A necrophage (D:4)
  A hound (D:3)
  An orc priest (D:4)
  An orc wizard (D:3)
  2 adders
  3 worms
  2 dart slugs
  8 orcs
  A bat (D:3)
  3 endoplasms
  4 giant cockroaches
  5 goblins
  4 hobgoblins
  2 jackals (D:3)
  3 kobolds (D:3)
  6 ball pythons
  A frilled lizard (D:3)
  2 rats
51 creatures vanquished.

Vanquished Creatures (others)
  2 plants (D:3)
2 creatures vanquished.

Grand Total: 53 creatures vanquished

Notes
Turn   | Place    | Note
-------+----------+-------------------------------------------
     0 | D:1      | tilp the Meteoran Fighter began the quest for the Orb.
     0 | D:1      | Reached XP level 1. HP: 19/19 MP: 2/2
    76 | D:2      | Reached XP level 2. HP: 26/26 MP: 3/3
   140 | D:2      | Reached skill level 3 in Long Blades
   140 | D:2      | Reached skill level 1 in Dodging
   141 | D:2      | Reached XP level 3. HP: 5/31 MP: 4/4
   229 | D:2      | Found Uriuraeq's Magic Scroll Shop.
   418 | D:3      | Found a sparkling altar of Nemelex Xobeh.
   453 | D:3      | Reached XP level 4. HP: 28/40 MP: 5/5
   541 | D:3      | Reached skill level 4 in Long Blades
   597 | D:3      | Found a glowing silver altar of Zin.
   626 | D:3      | Reached XP level 5. HP: 25/46 MP: 6/6
   756 | D:4      | Noticed Blork the orc
   869 | D:4      | Reached skill level 5 in Long Blades
   991 | D:4      | Killed Blork the orc
   992 | D:4      | Reached skill level 6 in Long Blades
   992 | D:4      | Reached XP level 6. HP: 34/52 MP: 7/7
  1029 | D:5      | Entered Level 5 of the Dungeon
  1166 | D:4      | HP: 2/53 [poisoned by an orc wizard]
  1167 | D:4      | Succumbed to an orc wizard's poison

Illustrated notes

Levels and vault maps discovered:
D:1:      minmay_arrival_stone_box, layout_basic, minmay_tetromino_s4
D:2:      layout_loops_cross, serial_shops, shop
D:3:      layout_rooms, mainiacjoe_overflow_boulevard, marbit_many_paths
D:4:      layout_loops_ring, uniq_blork_the_orc
D:5:      layout_loops_corners, serial_shops, nicolae_shop_statue_plus

Skill      XL: |  1  2  3  4  5 |
---------------+----------------+-----
Long Blades    | 3 4 6 |  6.2
Dodging        | 1 2 |  2.3
Fighting       | 4 |  4.3
Throwing       | |  0.9
Armour         | |  3.8
Shields        | |  3.8

Action                     |  1- 3 |  4- 6 || total
---------------------------+-------+-------++-------
  Melee: Long sword        |    87 |   156 ||   243
    Use: Potion            |       |     1 ||     1
 Armour: Scale mail        |    43 |    84 ||   127
         Chain mail        |       |    27 ||    27
  Dodge: Dodged            |    36 |    50 ||    86
  Block: Buckler           |    17 |    47 ||    64

Table legend: (Time is in decaauts)
 A = Elapsed time spent in this place.
 B = Non-inter-level travel time spent in this place.
 C = Inter-level travel time spent in this place.
 D = Time resting spent in this place.
 E = Time spent auto-exploring this place.
 F = Levels seen in this place.
 G = Mean time per level.
                   A        B        C        D        E       F      G
               +--------+--------+--------+--------+--------+-----+--------+
         Total |   1224 |   1158 |     66 |      0 |      0 |   5 |  244.8 |
       Dungeon |   1224 |   1158 |     66 |      0 |      0 |   5 |  244.8 |
               +--------+--------+--------+--------+--------+-----+--------+

Top non-repeatable levels by time:
     D:3: 549 daAuts
     D:4: 365 daAuts
     D:2: 233 daAuts
     D:1: 48 daAuts
     D:5: 27 daAuts
